 Dungeon Crawl Stone Soup version 0.29-a0-529-gfa20dd96a1 (console) character file.

Game seed: 12453598438299656556

217 om the Digger (level 5, -2/38 HPs)
             Began as a Ghoul Earth Elementalist on June 1, 2022.
             Slain by a gnoll
             ... wielding a +0 halberd of electrocution
              (18 damage)
             ... in a bailey.
             The game lasted 00:06:26 (3403 turns).

om the Digger (Ghoul Earth Elementalist)            Turns: 3403, Time: 00:06:28

Health: -2/38      AC:  5    Str: 18    XL:     5   Next: 94%
Magic:  6/8        EV: 10    Int: 12    God:
Gold:   113        SH:  4    Dex:  9    Spells: 4/9 levels left

rFire   + . .      SeeInvis .   g - +7 dagger {protect, rPois Str+6}
rCold   + + .      Faith    .   x - +1 buckler {rC+ rF+}
rNeg    + + +      Spirit   .   u - +0 ring mail
rPois   ∞          Reflect  .   (no helmet)
rElec   .          Harm     .   (no cloak)
rCorr   .          Rampage  .   (no gloves)
Will    +....                   (no boots)
Stlth   +.........              v - amulet of the acrobat
HPRegen 0.00/turn               e - ring of flight
MPRegen 0.11/turn               y - ring of willpower

@: flying, inhibited regen
A: claws 1, cold resistance 1, negative energy resistance 3, inhibited
regeneration, torment resistance 2, devour on kill
a: no special abilities


You were in a bailey.
You visited 1 branch of the dungeon, and saw 5 of its levels.
You also visited: Bailey.

You collected 113 gold pieces.

Inventory:

Hand Weapons
 g - the +7 dagger of the Sugar Beet (weapon) {protect, rPois Str+6}
   (You found it on level 2 of the Dungeon)

   It grants its wielder temporary protection when it strikes (+7 to AC).
   Str:       It affects your strength (+6).
   rPois:     It protects you from poison.
 j - a +2 vampiric dagger
 B - a +0 spear
 C - a +2 halberd of draining
Missiles
 a - 105 stones
Armour
 b - a +0 robe
 u - a +0 ring mail (worn)
 x - a +1 buckler of resistance (worn)
Jewellery
 e - a ring of flight (left claw)
 v - an amulet of the acrobat (around neck)
 y - a ring of willpower (right claw)
Scrolls
 d - 2 scrolls of teleportation {unknown}
 f - 2 scrolls of fog
 h - a scroll of torment {unknown}
 k - 2 scrolls of blinking {unknown}
 l - a scroll of immolation {unknown}
 r - a scroll of summoning {unknown}
 s - a scroll of brand weapon {unknown}
 w - a scroll of fear {unknown}
 A - a scroll of enchant armour {unknown}
Potions
 c - 2 potions of magic
 i - 2 potions of attraction
 m - a potion of mutation {unknown}
 n - a potion of flight {unknown}
 o - 2 potions of curing
 p - 2 potions of brilliance {unknown}
 q - a potion of haste {unknown}
 t - a potion of might {unknown}
 z - a potion of lignification {unknown}


   Skills:
 * Level 1.2 Armour
 + Level 2.5 Dodging
 + Level 3.4 Stealth
 * Level 1.2 Shields
 * Level 2.7 Spellcasting
 - Level 2.0 Transmutations
 + Level 4.0 Earth Magic


You had 4 spell levels left.
You knew the following spells:

 Your Spells              Type           Power      Damage    Failure   Level
a - Sandblast             Erth           22%        2d7       12%         1
b - Passwall              Tmut/Erth      6%         N/A       26%         2
c - Ensorcelled Hibernat  Hex/Ice        2%         N/A       67%         2

Your spell library contained the following spells:

 Spells                   Type           Power      Damage    Failure   Level
 Stone Arrow              Conj/Erth      12%        3d7       63%         3
 Petrify                  Tmut/Erth      8%         N/A       87%         4
 Swiftness                Air            1%         N/A       88%         3


Dungeon Overview and Level Annotations

Branches:
Dungeon (7/15)             Bailey (1/1)
 Temple: D:4-7

Altars:

Shops:
D:1 (!*


Innate Abilities, Weirdness & Mutations

You are immune to poison.
You have sharp fingernails.
Your flesh is cold resistant. (rC+)
You are immune to negative energy. (rN+++)
You do not regenerate when monsters are visible.
You are immune to unholy pain and torment.
You thrive by killing the living.


Message History

The gnoll hits you with a +2 halberd of draining.
You hit the gnoll.
Your weapon exudes an aura of protection.
The gnoll is moderately wounded.
The gnoll hits you with a +2 halberd of draining.
* * * LOW HITPOINT WARNING * * *
Aiming: Sandblast (safe; 12% risk of failure)
Press: ? - help, Q - select action, (/) - cycle Shift-Dir - straight line, f/p - gnoll
Aim: a gnoll, wielding a +2 halberd of draining (moderately wounded, 82% to hit)
The blast of sand hits the gnoll!
You kill the gnoll!
You feel better.
You see here a +2 halberd of draining.
C - a +2 halberd of draining You start resting.
Magic restored.
You start resting.
A gnoll opens the door.
It is wielding a +0 halberd of electrocution.
The gnoll completely misses you.
There is an open door here.
You hit the gnoll.
Your weapon exudes an aura of protection.
The gnoll is lightly wounded.
The gnoll hits you with a +0 halberd of electrocution!
Aiming: Sandblast (safe; 12% risk of failure)
Press: ? - help, Q - select action, (/) - cycle Shift-Dir - straight line, f - gnoll
Aim: a gnoll, wielding a +0 halberd of electrocution (lightly wounded, 82% to hit)
The blast of sand misses the gnoll.
The gnoll barely misses you.
You barely miss the gnoll.
The gnoll is lightly wounded.
The gnoll hits you but does no damage.
Aiming: Sandblast (safe; 12% risk of failure)
Press: ? - help, Q - select action, (/) - cycle Shift-Dir - straight line, f/p - gnoll
Aim: a gnoll, wielding a +0 halberd of electrocution (lightly wounded, 82% to hit)
The blast of sand hits the gnoll.
The gnoll is heavily wounded.
The gnoll hits you with a +0 halberd of electrocution!
You are electrocuted!!
You die...

### ###
#)###.#
+##'##'## .
#.....## ..
#.....### ..⌠
+..∩..'.# ...
#.....### ..
##.....##
#'###'##'##'##
#g@.###)###∩#
##### ### ###


You could see a gnoll.

Vanquished Creatures
  A water moccasin (D:7)
  A gnoll (Bailey)
  3 adders
  A worm (D:3)
  2 dart slugs
  8 orcs
  A ball python (D:3)
  7 bats
  6 endoplasms
  A giant cockroach (D:1)
  4 hobgoblins
  3 quokkas
  2 frilled lizards
  7 goblins
  4 kobolds
  2 rats
53 creatures vanquished.

Notes
Turn   | Place    | Note
-------+----------+-------------------------------------------
     0 | D:1      | om the Ghoul Earth Elementalist began the quest for the
                  | Orb.
     0 | D:1      | Reached XP level 1. HP: 14/14 MP: 2/2
   147 | D:1      | Reached skill level 1 in Transmutations
   340 | D:1      | Found Jeinan's Distillery.
   406 | D:1      | Reached XP level 2. HP: 11/20 MP: 0/3
   993 | D:1      | Found Wanyolo's General Store.
  1170 | D:1      | Found Ras Jodod's Antique Weapon Shop.
  1247 | D:2      | Identified the +7 dagger of the Sugar Beet {protect, rPois
                  | Str+6}
  1318 | D:2      | Learned a level 2 spell: Passwall
  1527 | D:2      | Found a faded altar of an unknown god.
  1737 | D:2      | Reached XP level 3. HP: 17/26 MP: 3/5
  2208 | D:3      | Reached XP level 4. HP: 33/33 MP: 4/6
  2839 | D:3      | Learned a level 2 spell: Ensorcelled Hibernation
  2959 | D:4      | Noticed a bullfrog
  2962 | D:4      | You are sucked into a shaft and drop 3 floors!
  2988 | D:7      | Found a flagged portal.
  2989 | D:7      | Noticed a water moccasin
  3007 | D:7      | Killed a water moccasin
  3008 | D:7      | Reached skill level 1 in Armour
  3008 | D:7      | Reached skill level 1 in Shields
  3008 | D:7      | Reached skill level 4 in Earth Magic
  3008 | D:7      | Reached XP level 5. HP: 18/38 MP: 0/8
  3009 | Bailey   | Entered a bailey
  3403 | Bailey   | Slain by a gnoll

Illustrated notes

Levels and vault maps discovered:
D:1:      tarquinn_simple_flora_water_b, layout_basic, serial_shops,
          nicolae_shop_behind_doors, nicolae_shop_statue_plus, shop
D:2:      layout_loops_ring, ebering_ecumenical_altar_sacrificial,
          minmay_misc_feat_more_columns
D:3:      wander_river, layout_basic, kennysheep_generic_room_3
D:4:      layout_layer_cave, minmay_temple_entry_ruins
D:7:      layout_loops_ring, enter_bailey_2, minmay_checkerbox,
          uniq_crazy_yiuf_cottage
Bailey:   bailey_polearm_nasty_gnolls, bailey

Skill      XL: |  1  2  3  4 |
---------------+-------------+-----
Transmutations | 1 2 |  2.0
Dodging        | 2 |  2.5
Spellcasting   | 2 |  2.7
Stealth        | 3 |  3.4
Armour         | 1 |  1.2
Shields        | 1 |  1.2
Earth Magic    | 4 |  4.0

Action                   |  1- 3 |  4- 6 || total
-------------------------+-------+-------++-------
Melee: Unarmed           |    19 |       ||    19
       Dagger            |    61 |    59 ||   120
       Punch             |       |     1 ||     1
 Cast: Sandblast         |    15 |    21 ||    36
  Use: Scroll            |     3 |     1 ||     4
 Stab: Distracted        |     1 |       ||     1
       Sleeping          |     1 |     2 ||     3
Armor: Robe              |    22 |     2 ||    24
       Ring mail         |       |    15 ||    15
Dodge: Dodged            |    49 |    52 ||   101
Block: Buckler           |       |     4 ||     4

Table legend: (Time is in decaauts)
 A = Elapsed time spent in this place.
 B = Non-inter-level travel time spent in this place.
 C = Inter-level travel time spent in this place.
 D = Time resting spent in this place.
 E = Time spent auto-exploring this place.
 F = Levels seen in this place.
 G = Mean time per level.
                   A        B        C        D        E       F      G
               +--------+--------+--------+--------+--------+-----+--------+
         Total |   3402 |   3320 |     82 |    895 |   1863 |   6 |  567.0 |
       Dungeon |   3008 |   2926 |     82 |    552 |   1863 |   5 |  601.6 |
        Bailey |    394 |    394 |      0 |    343 |      0 |   1 |  394.0 |
               +--------+--------+--------+--------+--------+-----+--------+

Top non-repeatable levels by time:
     D:1: 1208 daAuts
     D:2: 914 daAuts
     D:3: 806 daAuts
  Bailey: 394 daAuts
     D:7: 46 daAuts
     D:4: 31 daAuts
